[Event "Team 45 45 League T53"]
[Site "Internet Chess Club"]
[Date "2012.07.14"]
[Round "9"]
[White "SlimeDog2"]
[Black "McKnights"]
[Result "1-0"]
[WhiteElo "2161"]
[BlackElo "1838"]
[Opening "QGD: Marshall defense"]
[ECO "D06"]
[Time "23:40:08"]
[TimeControl "2700+45"]

1. d4 d5 2. c4 Nf6 3. cxd5 Nxd5 4. Nf3 c6 5. e4 Nb6 6. Nc3 Bg4 7. Be3 e6 8. h3
Bh5 9. g4 Bg6 10. Ne5 N8d7 11. Nxg6 hxg6 12. Qc2 Be7 13. Rd1 Bg5 14. f4 Bh4+ 15.
Kd2 g5 16. f5 exf5 17. gxf5 g4 18. Kc1 Bg5 19. Qd2 Bxe3 20. Qxe3 Qe7 21. Qg3
O-O-O 22. Qxg4 Nf6 23. Qf4 Rhe8 24. Bg2 Qb4 25. Qf2 Na4 26. Qc2 Nxc3 27. bxc3
Qe7 28. Kb1 Nh5 29. Bf3 Qh4 30. Qg2 Ng3 31. Rhe1 Qf4 32. Rd3 Rd7 33. Qh2 c5 34.
Bh1 Nh5 35. Qxf4 Nxf4 36. Rdd1 Rh8 37. Bf3 Rxh3 38. Bg4 Rh4 39. Rg1 f6 40. Rdf1
Nh3 41. Bxh3 Rxh3 42. e5 Rxc3 43. e6 Rxd4 44. Rxg7 Re3 45. Rh1 Rd8 46. Rf7 Re2
47. Rc1 b6 48. Rh1 a5 49. a4 Re4 50. Rxf6 Kb7 51. Rf7+ Ka6 52. Rd7 Re8 53. Rhd1
Rxa4 54. Rd8 Re7 55. R1d7 Rxd7 56. exd7 Rb4+ 57. Kc2 Rc4+ 58. Kb2 Kb5 59. f6 Rf4
60. Kc1 Kc6 61. Rh8 Kxd7 62. Rh7+ Kc6 63. f7 Kb5 64. Kc2 a4 65. Kb2 Kb4 66. Rh4
Rxh4 67. f8=Q Rh2+ 68. Kb1 Rh1+ 69. Kc2 Rh2+ 70. Kd3 Rh3+ 71. Kd2 Rb3 72. Qf4+
Ka3 73. Qc4 Rb2+ 74. Kc1 Rb3 75. Kc2 Rb4 76. Qc3+ Ka2 77. Kc1 Rb3 78. Qc4 Ka3
79. Kc2 Rb4 80. Qd5 Rd4 81. Qf3+ Kb4 82. Qc6 b5 83. Qf3 Rc4+ 84. Kb2 Ka5 85.
Qa8+ Kb4 86. Qf3 Ka5 87. Qd5 Rb4+ 88. Ka2 Rc4 89. Kb2 Kb4 90. Qd2+ {Black
resigns} 1-0

[Event "Team 45 45 League T53"]
[Site "Internet Chess Club"]
[Date "2012.07.12"]
[Round "9"]
[White "Inquisiteur"]
[Black "katikus"]
[Result "1/2-1/2"]
[WhiteElo "1742"]
[BlackElo "1850"]
[Opening "English: four knights, kingside fianchetto"]
[ECO "A29"]
[Time "19:00:06"]
[TimeControl "2700+45"]

1. c4 e5 2. Nc3 Nf6 3. Nf3 Nc6 4. g3 d5 5. cxd5 Nxd5 6. Bg2 Be6 7. O-O Be7 8. a3
O-O 9. d3 a6 10. Bd2 f5 11. Nxd5 Bxd5 12. Bc3 Qd6 13. Nd2 Bxg2 14. Kxg2 Qd5+ 15.
e4 fxe4 16. dxe4 Qe6 17. Qb3 Qxb3 18. Nxb3 Rad8 19. Rad1 b6 20. Rd5 Rd6 21. f4
Rfd8 22. Rfd1 Bf6 23. Rxd6 Rxd6 24. Rxd6 cxd6 25. Kf2 Kf7 26. Ke3 exf4+ 27. gxf4
g5 28. Nd2 gxf4+ 29. Kxf4 Bxc3 30. bxc3 Ne5 31. a4 Ke6 32. Kg5 Nd7 33. Nc4 d5
34. exd5+ Kxd5 35. Nb2 Ne5 36. h3 Nf3+ 37. Kf6 {Game drawn by mutual agreement}
1/2-1/2

[Event "Team 45 45 League T53"]
[Site "Internet Chess Club"]
[Date "2012.07.14"]
[Round "9"]
[White "plutonas"]
[Black "j65536d"]
[Result "0-1"]
[WhiteElo "1634"]
[BlackElo "1822"]
[Opening "King's Indian: 5.Nf3"]
[ECO "E90"]
[Time "15:00:51"]
[TimeControl "2700+45"]

1. d4 Nf6 2. c4 g6 3. Nc3 Bg7 4. e4 d6 5. Nf3 O-O 6. h3 e5 7. d5 Ne8 8. Be2 f5
9. Bg5 Bf6 10. Qd2 Na6 11. Bh6 Bg7 12. O-O Nc5 13. exf5 gxf5 14. Be3 b6 15. Bxc5
bxc5 16. a3 a5 17. Rfd1 Bd7 18. Qg5 Nf6 19. Nb5 Kh8 20. Qh4 a4 21. Ng5 Rc8 22.
Bh5 Qe7 23. Bg6 h6 24. Nh7 Rg8 25. Ng5 Rgf8 26. Nh7 Nxd5 27. Qxe7 Nxe7 28. Nxf8
Bxf8 29. Bh5 Be6 30. Rac1 Nc6 31. Bf3 e4 32. Be2 Bg7 33. Rd2 Bf6 34. Rb1 Na5 35.
Rc2 Nb3 36. Nc3 Nd4 37. Rcc1 Bg5 38. Rd1 Nxe2+ 39. Nxe2 Bxc4 40. Nc3 Bb3 41. Rf1
d5 42. g3 d4 43. Ne2 Rb8 44. h4 Be7 45. Nf4 Bf7 46. Rfd1 Bd6 47. Ne2 Ba2 {White
resigns} 0-1

[Event "Team 45 45 League T53"]
[Site "Internet Chess Club"]
[Date "2012.07.16"]
[Round "9"]
[White "ChessicalZ"]
[Black "Warpdrive"]
[Result "1-0"]
[WhiteElo "1839"]
[BlackElo "1613"]
[Opening "Alekhine's defense: exchange variation"]
[ECO "B03"]
[Time "20:00:09"]
[TimeControl "2700+45"]

1. e4 Nf6 2. e5 Nd5 3. d4 d6 4. c4 Nb6 5. exd6 exd6 6. Nc3 Be7 7. Bd3 Bf6 8.
Nge2 Nc6 9. Be3 a5 10. O-O O-O 11. b3 Re8 12. Qd2 g6 13. a3 Ne7 14. Ne4 Nf5 15.
Nxf6+ Qxf6 16. Bg5 Qg7 17. Bxf5 Bxf5 18. Ng3 Bd7 19. Rae1 f5 20. Rxe8+ Rxe8 21.
a4 Ra8 22. Re1 Qf7 23. Re7 Qf8 24. Qe3 Re8 25. Rxe8 Qxe8 26. Qxe8+ Bxe8 27. Bd2
Bxa4 28. bxa4 Nxc4 29. Bc3 b6 30. Kf1 Kf7 31. Ke2 d5 32. Kd3 c6 33. Nf1 b5 34.
Nd2 b4 35. Bxb4 Nb2+ 36. Kc3 Nxa4+ 37. Kb3 Nb6 38. Bxa5 Nd7 39. Nf3 c5 40. Ne5+
Nxe5 41. dxe5 f4 42. Bb6 c4+ 43. Kc3 Ke6 44. Bd4 g5 45. h3 h5 46. f3 Kd7 47. Kb4
Ke7 48. Kc5 Ke6 49. Kc6 {Black resigns} 1-0

[Event "Team 45 45 League T53"]
[Site "Internet Chess Club"]
[Date "2012.07.17"]
[Round "9"]
[White "DarkFlow"]
[Black "koni"]
[Result "1/2-1/2"]
[WhiteElo "1915"]
[BlackElo "1885"]
[Opening "Pirc defense"]
[ECO "B07"]
[Time "15:00:11"]
[TimeControl "2700+45"]

1. d4 d6 2. e4 Nf6 3. Nc3 e5 4. dxe5 dxe5 5. Qxd8+ Kxd8 6. Bc4 Be6 7. Bxe6 fxe6
8. f3 Bc5 9. Na4 Bd6 10. Be3 Nbd7 11. O-O-O Ke7 12. Ne2 b5 13. Nac3 Rhb8 14. a4
a6 15. axb5 axb5 16. b3 Bc5 17. Kd2 Bxe3+ 18. Kxe3 Nc5 {Game drawn by mutual
agreement} 1/2-1/2

[Event "Team 45 45 League T53"]
[Site "Internet Chess Club"]
[Date "2012.07.14"]
[Round "9"]
[White "kabindra"]
[Black "KW-Winner"]
[Result "0-1"]
[WhiteElo "1749"]
[BlackElo "1942"]
[Opening "Sicilian: Labourdonnais-Löwenthal (Kalashnikov) variation"]
[ECO "B32"]
[Time "11:00:09"]
[TimeControl "2700+45"]

1. e4 c5 2. Nf3 Nc6 3. d4 cxd4 4. Nxd4 e5 5. Nb5 d6 6. Be2 h6 7. Be3 Nf6 8. N1c3
a6 9. Na3 Be7 10. O-O O-O 11. f3 b5 12. Nd5 Nxd5 13. exd5 Nb8 14. c4 b4 15. Nc2
a5 16. b3 f5 17. Rc1 Bg5 18. f4 Bxf4 19. Bxf4 exf4 20. Rxf4 Nd7 21. Qd4 Qf6 22.
Rcf1 Ne5 23. Ne3 g5 24. Ng4 Nxg4 25. Rxg4 Qe7 26. Qd3 fxg4 27. Qg6+ Qg7 28.
Rxf8+ Kxf8 29. Qxd6+ Kg8 30. c5 Bd7 31. c6 Qd4+ 32. Kf1 Rf8+ 33. Ke1 Qa1+ 34.
Kd2 Qb2+ 35. Kd1 Qa1+ 36. Kd2 Qxa2+ 37. Ke1 Qb1+ 38. Kd2 Qb2+ 39. Kd1 Qxb3+ 40.
Kd2 Qc3+ 41. Kd1 Re8 42. cxd7 Qa1+ 43. Kd2 Qb2+ 44. Kd1 Qxe2+ 45. Kc1 Qe1+
{White resigns} 0-1

[Event "Team 45 45 League T53"]
[Site "Internet Chess Club"]
[Date "2012.07.16"]
[Round "9"]
[White "ghostfire"]
[Black "subterfuge"]
[Result "0-1"]
[WhiteElo "1771"]
[BlackElo "1760"]
[Opening "Caro-Kann: exchange variation"]
[ECO "B13"]
[Time "21:00:17"]
[TimeControl "2700+45"]

1. e4 c6 2. d4 d5 3. exd5 cxd5 4. Bd3 Nf6 5. h3 e6 6. Nf3 Bd6 7. O-O Qc7 8. c3
Nc6 9. Re1 Bd7 10. Nbd2 h6 11. c4 O-O-O 12. c5 Bf4 13. a3 g5 14. Nf1 Rdg8 15.
Bxf4 gxf4 16. b4 e5 17. dxe5 Bxh3 18. exf6 Bxg2 19. Bf5+ Kb8 20. Kh2 Qd8 21. Qd2
Qxf6 22. Qxf4+ Ka8 23. Ng3 Bxf3 24. Qxf3 h5 25. Qxd5 Rd8 26. Qe4 h4 27. Ne2 Rh5
28. b5 Ne5 29. f4 Rxf5 30. fxe5 Rxe5 31. Qg2 Rg5 32. Qf1 Rf5 33. Qh3 Rf3 34. Qg4
Qe5+ 35. Kh1 Re3 36. Rad1 Re8 37. Rd2 Qxc5 38. Rc1 Qf8 39. Rdc2 f5 40. Qg2 Rd3
41. Rc7 Rb8 42. Nf4 Rd6 43. Nd5 Qd8 44. Nb4 Rd1+ 45. Rxd1 Qxd1+ 46. Kh2 Qd6+ 47.
Kh3 Qxc7 48. Nd5 Qd6 49. Kxh4 Rh8+ {White resigns} 0-1

[Event "Team 45 45 League T53"]
[Site "Internet Chess Club"]
[Date "2012.07.14"]
[Round "9"]
[White "RD1974"]
[Black "Egmont"]
[Result "1-0"]
[WhiteElo "1650"]
[BlackElo "1739"]
[Opening "Sicilian: closed, 6.Be3"]
[ECO "B26"]
[Time "11:02:50"]
[TimeControl "2700+45"]

1. e4 c5 2. Nc3 Nc6 3. d3 g6 4. Be3 d6 5. g3 Bg7 6. Bg2 Nf6 7. h3 Bd7 8. Nf3 O-O
9. O-O Rb8 10. Qd2 b5 11. Bh6 b4 12. Nd1 a5 13. Bxg7 Kxg7 14. Nh4 e5 15. f4 exf4
16. Qxf4 Qe7 17. Ne3 Nd4 18. Qf2 Nh5 19. Kh2 f5 20. exf5 Nxf5 21. Nexf5+ Bxf5
22. Rae1 Qd7 23. Nxf5+ Rxf5 24. Qe3 Re5 25. Qf3 Rxe1 26. Rxe1 Rf8 27. Qe2 Nf6
28. Qe7+ Rf7 29. Qxd7 Rxd7 30. g4 g5 31. Bc6 Rc7 32. Ba4 Nd5 33. Re6 Re7 34.
Rxd6 Re2+ 35. Kg3 Nf4 36. Rd7+ Kg6 37. Bb3 Re3+ 38. Kf2 Rxh3 39. Bf7+ Kf6 40.
Bb3 h5 41. Rf7+ Kg6 42. gxh5+ Rxh5 43. Rc7 g4 44. Bf7+ Kf5 45. Rxc5+ {Black
resigns} 1-0

[Event "Team 45 45 League T53"]
[Site "Internet Chess Club"]
[Date "2012.07.16"]
[Round "9"]
[White "SlimeDog2"]
[Black "parpin"]
[Result "1-0"]
[WhiteElo "2170"]
[BlackElo "1999"]
[Opening "QGD: Lasker defense"]
[ECO "D56"]
[Time "02:04:06"]
[TimeControl "2700+45"]

1. Nf3 d5 2. d4 Nf6 3. c4 e6 4. Nc3 Be7 5. Bg5 O-O 6. e3 h6 7. Bh4 Ne4 8. Bxe7
Qxe7 9. Rc1 Nxc3 10. Rxc3 Nc6 11. Be2 Qd6 12. O-O Bd7 13. a3 a6 14. Qc2 dxc4 15.
Rxc4 Rfd8 16. Rc1 Rab8 17. Rc5 Rbc8 18. b4 {Black resigns} 1-0

[Event "Team 45 45 League T53"]
[Site "Internet Chess Club"]
[Date "2012.07.15"]
[Round "9"]
[White "perikitosax"]
[Black "sonoftill"]
[Result "1/2-1/2"]
[WhiteElo "1990"]
[BlackElo "1889"]
[Opening "Nimzo-Indian: three knights variation"]
[ECO "E21"]
[Time "15:08:25"]
[TimeControl "2700+45"]

1. d4 Nf6 2. c4 e6 3. Nc3 Bb4 4. Nf3 O-O 5. Bg5 c5 6. e3 h6 7. Bh4 cxd4 8. exd4
Qa5 9. Qc2 Ne4 10. Rc1 d5 11. Bd3 Qxa2 12. O-O Bxc3 13. Bxe4 dxe4 14. Qxc3 Qa6
15. Nd2 f5 16. f3 exf3 17. Nxf3 Qd6 18. Ne5 Nc6 19. Rcd1 Nxe5 20. dxe5 Qc5+ 21.
Bf2 Qc7 22. Rd6 b6 23. Rfd1 Re8 24. b4 Ba6 25. c5 Rad8 26. Qd4 Ra8 27. cxb6 axb6
28. Qxb6 Qxb6 29. Rxb6 Bc4 30. Bc5 Ra2 31. Bf2 {Game drawn by mutual agreement}
1/2-1/2

[Event "Team 45 45 League T53"]
[Site "Internet Chess Club"]
[Date "2012.07.13"]
[Round "9"]
[White "cesaralexander"]
[Black "minke"]
[Result "0-1"]
[WhiteElo "1901"]
[BlackElo "1895"]
[Opening "Dutch: Leningrad, main variation with c6"]
[ECO "A88"]
[Time "15:34:59"]
[TimeControl "2700+45"]

1. d4 g6 2. c4 Bg7 3. Nc3 f5 4. g3 Nf6 5. Bg2 O-O 6. Nf3 d6 7. O-O c6 8. b3 e5
9. dxe5 Ng4 10. Ba3 Qa5 11. Na4 Rd8 12. b4 Qc7 13. Qb3 Nxe5 14. Nxe5 Bxe5 15.
Bb2 Be6 16. Bxe5 dxe5 17. Nc5 Bf7 18. Qc3 Rd4 19. Nd3 Rxc4 20. Qb2 Nd7 21. b5 e4
22. Nf4 Qe5 23. Qxe5 Nxe5 24. Rfb1 c5 25. Nh3 Rc2 26. Rc1 Rxc1+ 27. Rxc1 Rc8 28.
f3 exf3 29. exf3 Bd5 30. Rc3 b6 31. Re3 Nf7 32. Re7 c4 33. Nf4 c3 34. Ne2 c2 35.
Kf2 c1=Q 36. Nxc1 Rxc1 37. Rxa7 Rc2+ 38. Kg1 Rxa2 39. Ra6 Rxa6 40. bxa6 Nd6 41.
f4 Bxg2 42. Kxg2 Nc8 43. Kf3 Kf7 44. Ke3 Ke6 45. Kd4 Kd6 46. Kc4 Na7 47. h3 Kc6
48. g4 b5+ 49. Kd4 Kd6 50. gxf5 gxf5 51. h4 h5 52. Kc3 Kc5 53. Kb3 Nc6 {White
resigns} 0-1

[Event "Team 45 45 League T53"]
[Site "Internet Chess Club"]
[Date "2012.07.15"]
[Round "9"]
[White "jjmolina"]
[Black "katikus"]
[Result "1-0"]
[WhiteElo "1893"]
[BlackElo "1835"]
[Opening "Sicilian: Najdorf, Byrne (English) attack"]
[ECO "B90"]
[Time "15:05:36"]
[TimeControl "2700+45"]

1. e4 c5 2. Nf3 d6 3. d4 cxd4 4. Nxd4 Nf6 5. Nc3 a6 6. Be3 e5 7. Nb3 Be6 8. f3
Be7 9. Qd2 O-O 10. O-O-O Nbd7 11. Nd5 Bxd5 12. exd5 Qc7 13. Kb1 b5 14. Qa5 Qb7
15. Bd3 Rac8 16. Bf5 g6 17. Bh3 Rc4 18. Qd2 Bd8 19. Rhe1 Bb6 20. Na5 Bxa5 21.
Qxa5 Rfc8 22. Re2 Ra4 23. Qe1 b4 24. Rd3 Qb5 25. b3 Ra3 26. Bc1 Ra5 27. f4 Rc5
28. Bxd7 Nxd7 29. fxe5 Nxe5 30. Rd4 Rxd5 31. Rxb4 Qe8 32. Bb2 f6 33. Qf1 Qf7 34.
Rf4 Nd7 35. Ref2 f5 36. g4 g5 37. Rxf5 Rxf5 38. gxf5 Rd5 39. Qxa6 Rd1+ 40. Bc1
Nc5 41. Qc8+ {Black resigns} 1-0

[Event "Team 45 45 League T53"]
[Site "Internet Chess Club"]
[Date "2012.07.15"]
[Round "9"]
[White "Rodin7"]
[Black "LittleWarrior"]
[Result "0-1"]
[WhiteElo "2002"]
[BlackElo "1992"]
[Opening "Sicilian: Alapin's variation (2.c3)"]
[ECO "B22"]
[Time "15:00:44"]
[TimeControl "2700+45"]

1. e4 c5 2. c3 d5 3. exd5 Qxd5 4. d4 Nf6 5. Nf3 Bg4 6. Be2 Nc6 7. Be3 Rd8 8. h3
cxd4 9. cxd4 Bxf3 10. Bxf3 Qa5+ 11. Nc3 e5 12. O-O Nxd4 13. Bxb7 Be7 14. Qa4+
Qxa4 15. Nxa4 O-O 16. Rfd1 Nc2 17. Rac1 Nxe3 18. fxe3 g6 19. a3 Rxd1+ 20. Rxd1
Rb8 21. Ba6 Ne4 22. b4 Bg5 23. Rd3 f5 24. Nc3 Nxc3 25. Rxc3 Rd8 26. Kf2 Rd2+ 27.
Be2 Bh4+ 28. g3 Bxg3+ 29. Kxg3 Rxe2 30. Kf3 Rh2 31. Kg3 Rd2 32. Rc8+ Kg7 33.
Rc7+ Kf6 34. Rxa7 Rd3 35. b5 Rxe3+ 36. Kf2 Rxh3 37. b6 Rh2+ 38. Kg3 Rb2 39. b7
f4+ 40. Kh3 h5 41. a4 g5 42. a5 Kf5 {White resigns} 0-1

[Event "Team 45 45 League T53"]
[Site "Internet Chess Club"]
[Date "2012.07.14"]
[Round "9"]
[White "Fezzik"]
[Black "jofer"]
[Result "1/2-1/2"]
[WhiteElo "2173"]
[BlackElo "2103"]
[Opening "Benkö gambit accepted"]
[ECO "A58"]
[Time "15:05:31"]
[TimeControl "2700+45"]

1. d4 Nf6 2. c4 c5 3. d5 b5 4. cxb5 a6 5. bxa6 Bxa6 6. Nc3 g6 7. g3 d6 8. Bg2
Nbd7 9. Rb1 Bg7 10. Nf3 O-O 11. O-O Qa5 12. Bd2 Bb7 13. Qc2 Qa6 14. e4 e6 15.
dxe6 fxe6 16. Ng5 d5 17. exd5 exd5 18. Qb3 c4 19. Qb5 Rfe8 20. Qxa6 Rxa6 21. b3
Bc6 22. bxc4 dxc4 23. Bxc6 Rxc6 24. Rfe1 Rxe1+ 25. Rxe1 Rd6 26. Bf4 Rd3 27. Re3
h6 28. Nge4 Nxe4 29. Rxd3 cxd3 30. Nxe4 Kf7 31. Kf1 g5 32. Be3 Ke6 33. Ke1 Kd5
34. Nd2 Nc5 35. h3 Na4 36. Nb1 Ke4 37. Nd2+ Kd5 38. Nb1 Ke4 39. Kd2 Be5 40. h4
gxh4 41. gxh4 h5 42. Bg5 Nc5 43. Nc3+ Kf3 44. Be3 Bxc3+ 45. Kxc3 Ke2 46. Kd4
Ne6+ 47. Ke5 Nc5 48. Kf5 Na4 49. Kg5 Nb6 50. Kxh5 Nc4 51. Bc1 Nd2 52. f4 Kd1 53.
Ba3 Ne4 54. Bb4 Kc2 55. Be1 {Game drawn by mutual agreement} 1/2-1/2

[Event "Team 45 45 League T53"]
[Site "Internet Chess Club"]
[Date "2012.07.16"]
[Round "9"]
[White "TahoeSam"]
[Black "DreamCatcher13"]
[Result "1-0"]
[WhiteElo "1982"]
[BlackElo "2004"]
[Opening "Queen's pawn game, Darooha variation "]
[ECO "D02"]
[Time "13:54:21"]
[TimeControl "2700+45"]

1. d4 d5 2. Nf3 Nf6 3. c4 e6 4. cxd5 exd5 5. Nc3 c6 6. Qc2 g6 7. Bg5 Be7 8. e3
Bf5 9. Bd3 Bxd3 10. Qxd3 Nbd7 11. Bh6 Ng4 12. Bf4 Ngf6 13. h3 Nf8 14. O-O Ne6
15. Be5 O-O 16. Bxf6 Bxf6 17. b4 Qd6 18. Rab1 Bd8 19. b5 Bc7 20. Rfc1 f6 21. g3
Ng5 22. Nxg5 fxg5 23. bxc6 Rf3 24. Qe2 Raf8 25. Nb5 Rxg3+ 26. fxg3 Qxg3+ 27. Qg2
Qxe3+ 28. Kh1 Rf3 29. Rc3 Rxh3+ 30. Qxh3 Qe4+ 31. Rf3 g4 32. Nc3 Qc2 33. Rf8+
Kxf8 34. Qh6+ Ke7 35. Re1+ Kd6 36. Qf8+ Kxc6 37. Qe8+ Kb6 38. Qb5# {Black
checkmated} 1-0

[Event "Team 45 45 League T53"]
[Site "Internet Chess Club"]
[Date "2012.07.17"]
[Round "9"]
[White "AntonioMendonca"]
[Black "Beetlejuice"]
[Result "1-0"]
[WhiteElo "1905"]
[BlackElo "1777"]
[Opening "Sicilian defense"]
[ECO "B20"]
[Time "15:44:38"]
[TimeControl "2700+45"]

1. e4 c5 2. b3 g6 3. Bb2 Nf6 4. e5 Nd5 5. Qf3 Nb4 6. Na3 Bg7 7. e6 f6 8. exd7+
Bxd7 9. Qe3 Qa5 10. c3 Qxa3 11. Bxa3 Nc2+ 12. Kd1 Nxe3+ 13. fxe3 b6 14. Nf3 e5
15. d4 cxd4 16. cxd4 exd4 17. exd4 Nc6 18. d5 Ne7 19. Bc4 b5 20. Re1 Bf8 21.
Bxe7 Bxe7 22. d6 bxc4 23. Rxe7+ Kd8 24. bxc4 Rc8 25. Rc1 Rc5 26. Kd2 Re8 27.
Rxh7 Re6 28. Rh8+ Be8 29. Kc3 Kd7 30. Rd1 Rh5 31. Rxh5 gxh5 32. c5 Re3+ 33. Kd4
Ra3 34. Re1 Ra4+ 35. Kc3 Rxa2 36. Re7+ Kd8 37. Nd4 Bg6 38. Ne6+ Kc8 39. d7+
{Black resigns} 1-0

[Event "Team 45 45 League T53"]
[Site "Internet Chess Club"]
[Date "2012.07.11"]
[Round "9"]
[White "Nathan-L"]
[Black "quotha"]
[Result "1-0"]
[WhiteElo "1698"]
[BlackElo "1609"]
[Opening "Queen's pawn"]
[ECO "A40"]
[Time "14:00:54"]
[TimeControl "2700+45"]

1. d4 e6 2. c4 c5 3. e3 Nf6 4. Nf3 Be7 5. Nc3 O-O 6. Bd3 Nc6 7. O-O cxd4 8. exd4
d5 9. cxd5 Nxd5 10. Nxd5 Qxd5 11. Bf4 g5 12. Be3 h6 13. Bc2 f5 14. Bb3 Qe4 15.
h3 Nb4 16. a3 Nd5 17. Bd2 Qd3 18. Re1 Bd6 19. Rc1 Bd7 20. Bc4 Nf4 21. Bxd3 Nxd3
22. Bc3 Nxc1 23. Qxc1 Rac8 24. Ne5 Ba4 25. Nd3 Bb3 26. Qd2 Rfd8 27. h4 Be7 28.
hxg5 hxg5 29. Qe2 g4 30. Qe5 Rf8 31. d5 Rxc3 32. Qxe6+ Kh8 33. Qh6+ {Black
resigns} 1-0

[Event "Team 45 45 League T53"]
[Site "Internet Chess Club"]
[Date "2012.07.16"]
[Round "9"]
[White "mnrunner"]
[Black "Manch"]
[Result "1-0"]
[WhiteElo "1638"]
[BlackElo "1625"]
[Opening "Sicilian: Kan, 5.Bd3"]
[ECO "B42"]
[Time "11:00:06"]
[TimeControl "2700+45"]

1. e4 c5 2. Nf3 e6 3. d4 cxd4 4. Nxd4 a6 5. Bd3 Qc7 6. O-O b5 7. Nc3 Bb7 8. Re1
Nc6 9. Nxc6 Qxc6 10. Bd2 Be7 11. a3 Nf6 12. Qf3 d6 13. h3 O-O 14. Qg3 g6 15. Bg5
Nh5 16. Qh4 Bxg5 17. Qxg5 f6 18. Qe3 f5 19. f3 f4 20. Qf2 Ng3 21. e5 dxe5 22.
Rxe5 Qd6 23. Rae1 Rae8 24. Qc5 Qxc5+ 25. Rxc5 Kg7 26. Kf2 Nf5 27. Nd1 Bd5 28. c4
bxc4 29. Bxc4 Rc8 30. Rxc8 Rxc8 31. Bxd5 exd5 32. Re2 d4 33. Rd2 Kf6 34. Ke2 Rd8
35. Kd3 Ne3 36. Ke4 g5 37. Nf2 Re8+ 38. Kxd4 Rd8+ 39. Kc3 Rxd2 40. Kxd2 Nxg2 41.
Ne4+ Kf5 42. Nc5 Nh4 43. Ke2 h5 44. b4 g4 45. hxg4+ hxg4 46. fxg4+ Kxg4 47. Kf2
f3 48. Nxa6 Ng6 49. b5 Ne5 50. b6 Nd3+ 51. Kf1 f2 52. b7 Kf3 53. b8=Q Ne1 {Black
resigns} 1-0

[Event "Team 45 45 League T53"]
[Site "Internet Chess Club"]
[Date "2012.07.13"]
[Round "9"]
[White "mongmong"]
[Black "rookmaster23"]
[Result "0-1"]
[WhiteElo "1689"]
[BlackElo "1649"]
[Opening "King's Indian: 5.Nf3"]
[ECO "E90"]
[Time "19:05:15"]
[TimeControl "2700+45"]

1. d4 Nf6 2. Nf3 g6 3. c4 Bg7 4. Nc3 d6 5. e4 O-O 6. h3 e5 7. d5 a5 8. Bg5 Nbd7
9. Nd2 Nc5 10. Be2 h6 11. Be3 Nfd7 12. g4 f5 13. gxf5 gxf5 14. exf5 Rxf5 15.
Nde4 Nxe4 16. Nxe4 Qh4 17. Bg4 Rf8 18. Qd2 Nc5 19. Ng3 Bxg4 20. Rg1 Bf3 21. Bxh6
Qxc4 22. Ne2 Rf7 23. b3 Qxd5 24. O-O-O Qxd2+ 25. Kxd2 Bxe2 26. Kxe2 Kh7 27. Be3
Ne4 28. Rdf1 Nc3+ 29. Kd3 e4+ 30. Kc4 b5# {White checkmated} 0-1

[Event "Team 45 45 League T53"]
[Site "Internet Chess Club"]
[Date "2012.07.16"]
[Round "9"]
[White "dschesq"]
[Black "KyleMayhugh"]
[Result "0-1"]
[WhiteElo "1539"]
[BlackElo "1601"]
[Opening "Réti: advance variation"]
[ECO "A09"]
[Time "15:03:33"]
[TimeControl "2700+45"]

1. Nf3 d5 2. c4 d4 3. b4 f6 4. e3 dxe3 5. fxe3 e5 6. c5 g5 7. Bb2 g4 8. Nxe5
fxe5 9. Bxe5 Nf6 10. Nc3 Nc6 11. Bb5 Bd7 12. Bxc6 Bxc6 13. O-O Bg7 14. Bxf6 Bxf6
15. Qxg4 Qe7 16. d4 Qg7 17. Qe6+ Be7 18. d5 Bd7 19. Qe4 O-O-O 20. Rac1 Rde8 21.
Qd3 Bh3 22. Rc2 Ref8 23. e4 Rxf1+ 24. Kxf1 Rf8+ 25. Kg1 Bg4 26. d6 Bf6 27. h3
Bd4+ 28. Kh2 Bd7 29. Nd5 Be5+ 30. Kh1 Qg3 31. Qxg3 Bxg3 32. Rc1 c6 33. Ne7+ Kd8
34. Kg1 Rf2 35. a3 Ra2 36. Nf5 Bxf5 37. exf5 Rf2 38. Rf1 Bh2+ 39. Kxh2 Rxf1 40.
g4 Rf3 41. a4 b6 42. Kg2 Rf4 43. a5 Rxb4 44. axb6 axb6 45. f6 Rf4 46. cxb6 Kc8
47. g5 c5 48. Kg3 Rf1 49. Kg2 Rf5 50. h4 h6 51. gxh6 Rxf6 52. h7 Rh6 53. Kf3
Rxh4 54. Ke3 Rxh7 55. Kd3 Rh4 56. Kc3 Rb4 57. Kc2 Rxb6 58. Kc3 Rxd6 59. Kc4 Rc6
{White resigns} 0-1

[Event "Team 45 45 League T53"]
[Site "Internet Chess Club"]
[Date "2012.07.13"]
[Round "9"]
[White "flyingpawns"]
[Black "crazyhorses"]
[Result "1-0"]
[WhiteElo "1881"]
[BlackElo "1469"]
[Opening "Queen's gambit accepted"]
[ECO "D20"]
[Time "13:00:48"]
[TimeControl "2700+45"]

1. d4 d5 2. c4 dxc4 3. Nc3 a6 4. a4 Bg4 5. Nf3 Nf6 6. e3 e6 7. Bxc4 Nc6 8. O-O
Be7 9. Re1 O-O 10. Be2 Nb4 11. Bd2 c5 12. dxc5 Bxc5 13. Rc1 Qe7 14. Nb1 Bxf3 15.
gxf3 Rfd8 16. Rc4 Nc6 17. Qc1 Ba7 18. f4 e5 19. b4 Nd5 20. b5 axb5 21. axb5 Nb8
22. e4 Qh4 23. exd5 Bxf2+ 24. Kg2 Bxe1 25. Bxe1 Qf6 26. Bg3 Nd7 27. Nc3 Nb6 28.
fxe5 Qf5 29. Rc5 Nd7 30. Rc7 Nxe5 31. b6 h5 32. Qf4 Qxf4 33. Bxf4 Ng4 34. d6
Rab8 35. Bxg4 hxg4 36. d7 f5 37. Nb5 Kf7 38. Bg5 Kf8 39. Nd6 g6 40. Bxd8 Rxd8
41. Nxb7 {Black resigns} 1-0

[Event "Team 45 45 League T53"]
[Site "Internet Chess Club"]
[Date "2012.07.14"]
[Round "9"]
[White "Whalen"]
[Black "FlyingTiger"]
[Result "0-1"]
[WhiteElo "1655"]
[BlackElo "1746"]
[Opening "English: symmetrical variation"]
[ECO "A30"]
[Time "12:00:07"]
[TimeControl "2700+45"]

1. c4 c5 2. Nf3 Nc6 3. d4 cxd4 4. Nxd4 Nf6 5. Nc3 g6 6. e4 d6 7. Be2 Nxd4 8.
Qxd4 Bg7 9. Qd1 O-O 10. O-O Be6 11. Qc2 Qa5 12. a3 Rfc8 13. b4 Qd8 14. c5 Nxe4
15. Bb2 Nxc3 16. Bxc3 dxc5 17. b5 Bxc3 18. Qxc3 Qc7 19. Rab1 Rd8 20. Rfd1 b6 21.
Rd3 Rxd3 22. Bxd3 Rd8 23. Be2 Qd6 24. h3 Qd2 25. Qe5 Qa2 26. Ra1 Qd5 27. Qc7 Qd7
28. Qg3 Qc8 29. h4 Rd4 30. h5 Bg4 31. hxg6 Bxe2 32. gxh7+ Kxh7 33. Qh2+ Kg8 34.
Qg3+ Rg4 35. Qe3 Qe6 36. Qd2 Qg6 37. g3 Rxg3+ 38. Kh2 Rg2+ 39. Kh1 Rg5 40. Qxe2
Qh6+ {White resigns} 0-1

[Event "Team 45 45 League T53"]
[Site "Internet Chess Club"]
[Date "2012.07.15"]
[Round "9"]
[White "kingphisch"]
[Black "milesotoole"]
[Result "0-1"]
[WhiteElo "1487"]
[BlackElo "1593"]
[Opening "Latvian counter-gambit"]
[ECO "C40"]
[Time "21:18:52"]
[TimeControl "2700+45"]

1. e4 e5 2. Nf3 f5 3. Nxe5 Qf6 4. d4 d6 5. Nf3 fxe4 6. Qe2 Qe7 7. Bg5 exf3 8.
Qxe7+ Bxe7 9. Bxe7 Nxe7 10. gxf3 O-O 11. Bg2 Nf5 12. c3 Nh4 13. O-O Nxf3+ 14.
Bxf3 Rxf3 15. Nd2 Rf8 16. Rae1 Bh3 17. Re7 Bxf1 18. Kxf1 Rf7 19. Re8+ Rf8 20.
Re7 Nc6 21. Rxc7 Rf7 22. Rxf7 Kxf7 23. Nc4 Ke6 24. Ne3 Ne7 25. c4 d5 26. b3 Rd8
27. c5 Nf5 28. Ng2 Nxd4 29. Nf4+ Ke7 30. b4 Ne6 31. Nd3 a6 32. a4 Nc7 33. Ke2 d4
34. Kd2 Ke6 35. f4 Re8 36. h4 Kd5 37. Ne5 Rxe5 38. fxe5 Kxe5 39. Kd3 Kd5 {White
resigns} 0-1

[Event "Team 45 45 League T53"]
[Site "Internet Chess Club"]
[Date "2012.07.15"]
[Round "9"]
[White "Patzer4Life"]
[Black "Cicero"]
[Result "0-1"]
[WhiteElo "1425"]
[BlackElo "1322"]
[Opening "Sicilian: Hungarian variation"]
[ECO "B34"]
[Time "21:00:20"]
[TimeControl "2700+45"]

1. e4 c5 2. Nf3 g6 3. d4 cxd4 4. Nxd4 Nc6 5. Nf3 Bg7 6. c3 d6 7. h3 Nf6 8. Bd3
O-O 9. Be3 Ne5 10. Nxe5 dxe5 11. O-O Be6 12. c4 Qd7 13. Nc3 Bxh3 14. gxh3 Qxh3
15. Nd5 Ng4 16. Nxe7+ Kh8 17. Re1 Bh6 18. Bc5 b6 19. Nxg6+ {White resigns} 0-1